 Dungeon Crawl Stone Soup version 0.21-a0-404-g291f19a (webtiles) character file.

49 firefreeman the Chiller (level 3, 24/24 HPs)
             Began as a Merfolk Ice Elementalist on Oct 26, 2017.
             Got out of the dungeon alive.
             The game lasted 00:09:14 (1515 turns).

firefreeman the Chiller (Merfolk Ice Elementalist)  Turns: 1515, Time: 00:09:14

Health: 24/24      AC:  2    Str:  8    XL:     3   Next: 75%
Magic:  6/6        EV: 13    Int: 15    God:
Gold:   42         SH:  0    Dex: 14    Spells: 3/6 levels left

rFire    . . .     SeeInvis .   f - +0 dagger
rCold    . . .     Gourm    .   (no shield)
rNeg     . . .     Faith    .   a - +0 robe
rPois    .         Spirit   .   (no helmet)
rElec    .         Reflect  .   (no cloak)
rCorr    .         Harm     .   (no gloves)
MR       .....                  (no boots)
Stlth    ++........             (no amulet)
HPRegen  0.08/turn              (no ring)
MPRegen  0.10/turn              (no ring)

@: no status effects
A: change form in water, swift swim, stealthy swim
a: no special abilities


You escaped.
You were hungry.

You visited 1 branch of the dungeon, and saw 1 of its levels.

You collected 42 gold pieces.

Inventory:

Hand Weapons
 f - a +0 dagger (weapon)
Armour
 a - a +0 robe (worn)
 n - a +0 pair of boots
Scrolls
 d - a scroll of fear {unknown}
 h - a scroll of teleportation {unknown}
 i - a scroll of remove curse {unknown}
 k - a scroll of noise {unknown}
Potions
 e - a potion of brilliance {unknown}
 g - a potion of agility {unknown}
 j - a potion of haste {unknown}
 m - a potion of mutation {unknown}
Books
 b - a book of Frost

   Spells                             Type                      Level
   a - Freeze                         Ice                          1
   b - Throw Frost                    Conjuration/Ice              2
   c - Ozocubu's Armour               Charms/Ice                   3
   d - Throw Icicle                   Conjuration/Ice              4
   e - Summon Ice Beast               Ice/Summoning                4
Comestibles
 c - a bread ration
 l - a royal jelly


   Skills:
 - Level 2.6 Dodging
 - Level 2.1 Stealth
 - Level 2.0 Spellcasting
 + Level 1.0 Conjurations
 - Level 5.0 Ice Magic


You had 3 spell levels left.
You knew the following spells:

 Your Spells              Type           Power        Failure   Level  Hunger
a - Freeze                Ice            ###.         2%          1    #......
b - Throw Frost           Conj/Ice       ##....       10%         2    ###....


Dungeon Overview and Level Annotations

Branches:
Dungeon (1/15)

Altars:


Message History

Aim: a ball python You freeze the ball python.
You kill the ball python!
Training target 5.0 for Ice Magic reached!
Your Ice Magic skill increases to level 5!
You start resting.
Magic restored.
Found a scroll labeled VABUOL NINAO.
h - a scroll labeled VABUOL NINAO
Okay, then.
You are feeling hungry.
Your legs become a tail as you enter the water.
Your legs become a tail as you enter the water.
Your legs become a tail as you enter the water.
Your legs become a tail as you enter the water.
Your legs become a tail as you enter the water.
Your legs become a tail as you enter the water.
There is a staircase leading out of the dungeon here.
Are you sure you want to leave the Dungeon?
This will make you lose the game!
You have escaped!

#...........##.#........
##............#.#........
#######....≈≈≈.≈≈≈.............
###.........≈≈♣....≈≈............
#......##..≈≈..8.(♣.≈≈........###
#......##.≈≈.........≈≈.......#
#......##.≈...........≈.......###
#...#####.≈........8..≈.#.....'..
'...'...#.≈≈..8.@....≈≈.#.....###
#...###.#..≈≈..♣....≈≈..#.....# #
#...# #.##..≈≈.....≈≈..##.##### #
##### #.###..≈≈≈≈≈≈≈..###># # #
#....#.........## #.# #
##########.#########.####.# #
...........# #..........#.#######
##############.########.#.#......
.# #..............#......##


There were no monsters in sight!

Vanquished Creatures
  2 oozes (D:1)
  A dart slug (D:1)
  A leopard gecko (D:1)
  4 bats (D:1)
  5 goblins (D:1)
  4 hobgoblins (D:1)
  7 jackals (D:1)
  2 ball pythons (D:1)
  2 frilled lizards (D:1)
  3 kobolds (D:1)
  2 rats (D:1)
33 creatures vanquished.

Notes
Turn   | Place    | Note
-------+----------+-------------------------------------------
     0 | D:1      | firefreeman the Merfolk Ice Elementalist began the quest for the Orb.
     0 | D:1      | Reached XP level 1. HP: 13/13 MP: 3/3
   124 | D:1      | Reached skill level 4 in Ice Magic
   124 | D:1      | Reached XP level 2. HP: 18/19 MP: 0/5
   477 | D:1      | Reached XP level 3. HP: 15/24 MP: 0/6
  1072 | D:1      | Learned a level 2 spell: Throw Frost
  1268 | D:1      | Reached skill level 1 in Conjurations
  1376 | D:1      | Reached skill level 5 in Ice Magic
  1515 | D:$      | Got out of the dungeon alive.

Vault maps used:
D:1:      moated_graveyard_arrival, minmay_tall_x

Skill      XL: |  1  2  3 |
---------------+----------+-----
Ice Magic      | 4 5 |  5.0
Conjurations   | 1 |  1.0
Dodging        | |  2.6
Stealth        | |  2.1
Spellcasting   | |  2.0

Action                   || total
-------------------------++-------
Melee: Dagger            ||    23
 Cast: Freeze            ||    48
  Eat: Chunk             ||     2
Armor: Robe              ||     6
Dodge: Dodged            ||    42

Table legend:
 A = Spawn XP
 B = Non-spawn XP
 C = Spawn XP percentage of total XP
 D = Spawn monster count
 E = Non-spawn monster count
 F = Spawn count percentage of total count
 G = Total turns spent on level
                    A         B        C        D         E        F      G
               +---------+---------+-------+---------+---------+-------+---------
         Total |       0 |      70 |   0.0 |       0 |      33 |   0.0 |  1515
               +---------+---------+-------+---------+---------+-------+---------
           D:1 |       0 |      70 |   0.0 |       0 |      33 |   0.0 |  1515
               +---------+---------+-------+---------+---------+-------+---------
